Workbook

Sheet 使い方
A1: スマート林業・DX実践のための進捗度チェックリスト
A3: １．考え方
A4: 様々な実証事業の結果から、デジタル技術の現場定着には、
A5: ハード（システム構築・デジタル機器導入等）だけではなく、ソフト面（協議会の合意形成等）も重要ということが分かりました。
A6: しかし、ソフト面をどのように進めればよいか、具体的な基準はありませんでした。
G7: 参考 | H7: スマート林業実践マニュアル(総集編) （2023年、林野庁）
H8: https://morihub-info.com/technical/167/
A9: そこで、地域の取組がどの程度進んでいるのか、次は何を目指せばよいのかを示すためのチェックリストを作成しました。
A10: 地域全体での取り組みは次の３段階のフェーズで発展していくと考えられます。
A14: ソフト面の進捗に重要な6つの評価項目に対し、各項目における3段階のフェーズごとに採点項目を設けました。
A15: 採点結果はレーダーチャートとして見える化されます。
D17: フェーズ① 場の形成 | F17: フェーズ② 実証プロジェクト | H17: フェーズ③ デジタル林業の実践
A18: 評 価 項 目 | B18: 組織体制 | D18: □ 採点項目 □ 採点項目 | F18: □ 採点項目 □ 採点項目 | H18: □ 採点項目 □ 採点項目
B19: 資金調達 | D19: □ 採点項目 □ 採点項目 | F19: □ 採点項目 □ 採点項目 | H19: □ 採点項目 □ 採点項目
B20: 活動内容 | D20: … | F20: … | H20: …
B21: 改善プロセス | D21: … | F21: … | H21: …
B22: 人材育成 | D22: … | F22: … | H22: …
B23: ICT活用 ICTリテラシー | D23: … | F23: … | H23: …
A25: ２．使い方
A26: 「採点表」シートに入力します。
B27: ① コンソーシアム等の名称、評価者氏名、評価日を入力してください。 ② 各項目について５段階評価で採点してください（５～１の数字をプルダウンで選択）。下段には参考例を示しています。 ③ 自由記入欄（灰色）には、数字選択の判断根拠・コンソーシアム個別事象等について、任意で記載してください。
B28: ※ 採点項目の着色は、フェーズを表しています。 黄色：フェーズ１ 緑：フェーズ２ 青：フェーズ３
A30: 「まとめ・比較表」シートに自動でグラフが作成されます。
B31: ④ １者による評価は、「まとめ・比較表」の左側【まとめ】に表示されます。 ⑤ コンソーシアムの経年変化を確認したり、コンソーシアムの自己評価とコーディネーター等の客観評価を比較するため、右側半分の【比較】を使用します。
A36: ３者の評価を比較する場合
B37: ⑥ コンソA、コーディネーターB、コーディネーターCの3者がそれぞれのファイルの採点表に入力し、【まとめ】シートを作成します。 ⑦ コーディネーターB、Cの【まとめ】採点欄をコピーして、コンソAの【比較表】の比較2欄、比較3欄に貼り付けます。 ⑧ コンソAの【比較表】 上部の比較対象欄に記入します。グラフの凡例に連動しています。
A40: 3．注意点
A41: ３者までの採点結果をレーダーチャートで比較することができます。
B42: ・ 他地域との比較ではなく、自地域における時系列の変化や、コーディネーター等の客観的評価との比較を行います。
A44: 高い点数を取ることが目標ではありません。効果的なPDCAを行うことが重要です。
B45: ・ 不足している取り組みを発見し、次の取り組みにつなげるために使用してください。

Sheet 採点表（R7.6月版）
B1: スマート林業・DX実践のための進捗度チェックリスト 【採点表】
B3: コンソ名称 | I3: コンソA
B4: 評価者 氏名 | I4: 山林太郎
B5: 評価日 | I5: 45775
B7: コンソーシアムの状況について、以下の選択欄（濃色）に5～1の数字を入力して下さい（プルダウン▼で選択可能です）。 自由記入欄（灰色）は任意で記載して下さい。
A9: 100 | B9: （１）組織体制 | AH9: 採点 選択欄 | AK9: 自由記入欄 | BB9: 1
A10: 111 | B10: ① 地域コンソーシアム（都道府県、市町村、原木供給者、原木需要者等が地域課題を協議する体制）を組成している。 | BB10: 1 | BC10: 1
B11: 5 | D11: 多くの分野の構成員で、コンソを組成済 ※多くの分野：都道府県、市町村、原木供給者、原木需要者等
B12: 4 | D12: 一部の分野の構成員で、コンソ組成済。
B13: 3 | D13: コンソの組成を準備中。
B14: 2 | D14: コンソを組成していないが、一部構成員での連携体制（事業共同実施等）はある。
B15: 1 | D15: コンソはなく、連携体制もない。
A16: 112 | B16: ② デジタル技術導入に関して、総論について合意形成が図られている。 | BB16: 1 | BC16: 1
B17: 5 | D17: コンソの全メンバーが、大きな方針として「デジタル技術導入」を共通の目標として認識し、賛同している。
B18: 4 | D18: コンソのほとんどのメンバーが、大きな方針として「デジタル技術導入」を共通の目標として認識し、賛同している。
B19: 3 | D19: 総論の合意形成の準備中。議論の最中であり、方針が明確化していない。
B20: 2 | D20: 合意形成にチャレンジしているが、反対者が多い等により、賛同に至る道筋が見えない。
B21: 1 | D21: 合意形成を行っていない。
A22: 121 | B22: ③ 地域コンソーシアムに金融機関、大学・試験研究機関等が参画している。 | BB22: 1 | BC22: 2
B23: 5 | D23: 金融機関、大学・研究機関等の双方が、コンソに参画している。
B24: 4 | D24: 金融機関、大学・研究機関等のいずれかが、コンソに参画している。
B25: 3 | D25: 金融機関、大学・研究機関等のいずれかが、オブザーバー/ゲスト参加している。
B26: 2 | D26: 金融機関、大学・研究機関等から情報提供を受ける等、何らかの協力をしている。
B27: 1 | D27: 金融機関、大学・研究機関等と関わりがない。
A28: 122 | B28: ④ デジタル技術導入に関して、各論の実現に向けて、利害関係者間の調整を始めている。 | BB28: 1 | BC28: 2
B29: 5 | D29: 取組に関する、商取引、分担金負担、業務分担等も含む、利害が発生する事柄について、構成員間の調整（合意取付・意見聴取・ヒアリング等）を開始している。
B30: 4 | D30: 取組について、システムの利用面、実証の進め方等、本業への利害はあまり発生しないが、考え方・立場によって、異なる意見がでる事柄について、調整を開始している。
B31: 3 | D31: 各論について、計画・リストアップしているが、利害調整については準備中。
B32: 2 | D32: 各論について、計画・リストアップ等の議論を開始している。
B33: 1 | D33: 各論に関しては何も取り組んでいない。
A34: 131 | B34: ⑤ 地域コンソーシアムが合意形成に向けた議論の場として機能している。 | BB34: 1 | BC34: 3
B35: 5 | D35: 各プロセスにおいて、活発な意見交換が行われ、改善策等のアイデアが出る等、前向きで有意義な協議会が行われている。 ※各プロセス：コンソ組成、役割分担調整、計画立案、事業執行等
B36: 4 | D36: ３と５の間。少し良い点が見られる協議会となっている。
B37: 3 | D37: 普通に協議会が開催され、議事が進行している。特筆すべき点はない。
B38: 2 | D38: コンソが形式的に開催されているが、意見は極めて少なく、活発な議論は行われていない。
B39: 1 | D39: コンソで反対意見が相次ぐなど、議事の進行が滞っており、計画の遂行に支障が出ている。
A40: 132 | B40: ⑥ 外部支援者の助言を積極的に採用している。 | BB40: 1 | BC40: 3
B41: 5 | D41: 外部支援者（コーディネーター・アドバイザー・コンサル等）から、取組についての忌憚のない意見や助言をもらい、その意見・助言を活動に取り入れてフィードバックする等、友好的強固な連携体制を築いている。
B42: 4 | D42: ３と５の間。助言を幾分聞き入れ、連携体制を築きつつある。
B43: 3 | D43: 外部支援者を正式/オブザーバーで受け入れており、意見や助言を受けている。
B44: 2 | D44: 外部支援者を１回限りで招聘して研修講師をしてもらった。又は活用の準備中。
B45: 1 | D45: 外部支援者の活用はしていない。
A46: 133 | B46: ⑦ デジタル技術導入に関して、各論についても、合意形成が進んでいる。 | BB46: 1 | BC46: 3
B47: 5 | D47: 全ての各論での合意形成がスムーズに行かないとしても、過去の取組（システム導入・実証等）で各論を議論して合意に至った実績があり、お互いの構成員の考え方・立場に応じて落としどころを見つけられる雰囲気があり、前向きで建設的な意見が出るなど、新規に発生した各論についても合意形成の見通しがつけられる状態。
B48: 4 | D48: ３と５の間。賛成者が多い、一部は合意形成済である等、合意形成の道筋が徐々に見えてきている状態。
B49: 3 | D49: 各論の合意形成は半ば（賛成と反対が半々等）。調整しているが、解決のための課題がある程度（事業期間中に終わるくらい）ある状態。
B50: 2 | D50: 反対者が多いなど、各論の合意形成は難航しており、合意の道筋が見えない状態。
B51: 1 | D51: 各論の合意形成に取り組んでいない。
A52: 141 | B52: ⑧ その他（組織体制関係） | BB52: 1
B53: 5
B54: 4
B55: 3
B56: 2
B57: 1
A59: 200 | B59: （２）資金調達 | AH59: 採点 選択欄 | AK59: 自由記入欄 | BB59: 2
A60: 211 | B60: ① 活動費の規模が大きい | BB60: 2 | BC60: 1
B61: 5 | D61: 活動の規模が大きい（１千万円以上）。先駆的な実証や通常業務での活用がされている。
B62: 4 | D62: 活動の規模は中程度（１百万円～１千万円）。３と５の間。
B63: 3 | D63: 活動費は小規模（10万円～１百万円）。県費等の活用により、検討会・研修等を実施。
B64: 2 | D64: 活動費はごく僅か（1万円～10万円）。資料収集、研修等を実施。
B65: 1 | D65: 活動費はほとんどない。（０～１万円）。事例収集等。
A66: 221 | B66: ② 国の補助金を主要な資金源として、地域一体とした実証を実施している。 | BB66: 2 | BC66: 2
B67: 5 | D67: 国・県等の行政の補助金を活用して、一定規模以上（１千万円以上）で地域一体（川上～川中の連携、複数事業者連携）での実証活動を実施。
B68: 4 | D68: 国・県等の行政の補助金を活用して、一定規模以上（１千万円以上）または、地域一体（川上～川中の連携、複数事業者連携）での実証活動を実施。
B69: 3 | D69: 国・県等の行政の補助金を活用して、中程度の規模（１百万円以上）で、川上の複数関係者の連携で実証活動を実施。
B70: 2 | D70: 国・県等の行政の補助金を活用して、川上の複数関係者の連携で実証活動を準備中。
B71: 1 | D71: 国・県等の行政の補助金を活用して、スマート林業の実証活動は行っていない。
A72: 222 | B72: ③ 国の補助金の終了後を見据えて、資金調達計画を立案している。 | BB72: 2 | BC72: 2
B73: 5 | D73: 補助金の終了後を見据えた資金調達計画を立案しており、（次の補助金・民間資金活用等の）資金調達の実現可能性が高い。
B74: 4 | D74: 補助金の終了後を見据えた資金調達計画を立案しており、資金調達に向けて、具体的に調整を行っている。
B75: 3 | D75: 補助金の終了後を見据えた資金調達計画の素案を練ったが、具体策は検討中であり、実現可能性は高いとは言えない。
B76: 2 | D76: 補助金の終了後を見据えた資金調達計画について、議論はしているが、素案作成等の文章化はしていない。
B77: 1 | D77: 補助金の終了後を見据えた資金調達計画を検討していない。
A78: 231 | B78: ④ 国の補助金は補助的な使用に留まり、構成員の分担金、都道府県費、銀行借入等により、資金調達を行っている。 | BB78: 2 | BC78: 3
B79: 5 | D79: スマ林の活動（システム維持経費等）にあたり、事業資金を（構成員の分担金や銀行借入等の）民間資金により賄っている。一部、追加的な取組に、国・県等の補助金も活用しているが、補助金がなかったとしても、全体的な活動に支障は無い。
B80: 4 | D80: スマ林の活動（システム維持経費等）にあたり、事業資金の1/2以上を民間資金が占めている。残りについては、県費・地方創生交付金・森林環境譲与税等（林野庁以外の補助金等）を活用している。
B81: 3 | D81: スマ林の活動にあたり、事業資金の1/2（～1/4以上）を民間資金が占めている。残りについては、国費・県費等の補助金を活用している。
B82: 2 | D82: スマ林の活動にあたり、事業資金の1/4以上を民間資金が占めている。3/4以下（～1/2以上）を、国費・県費等の補助金を活用している。
B83: 1 | D83: スマ林の活動にあたり、事業資金の1割以下を民間資金が占めている。残り９割以上は、国費・県費等の補助金を活用している。
A84: 241 | B84: ⑤ その他（資金調達関係） | BB84: 2
B85: 5
B86: 4
B87: 3
B88: 2
B89: 1
A91: 300 | B91: （３）活動内容 | AH91: 採点 選択欄 | AK91: 自由記入欄
A92: 311 | B92: ① 地域的な課題を明確化している。 | BB92: 3 | BC92: 1
B93: 5 | D93: スマ林機器等の導入前に、地域的（森林状況、林業形態、原木流通形態、商慣習等）な課題の明確化（書類上で項目を整理、議論を通じた言語化等）を行っており、スマ林機器の導入後の課題解決のイメージがはっきりと想像できる。
B94: 4 | D94: スマ林機器等の導入前に、地域的な課題を明確化している。
B95: 3 | D95: スマ林機器等の導入前に、地域的な課題を大まかには把握しているが、明確化はしていない。
B96: 2 | D96: １と３の間。地域的な課題を把握するため、準備中（情報収集・打合せ等を実施）。
B97: 1 | D97: スマ林機器等の導入前に、地域的な課題を明確化していない。
A98: 312 | B98: ② デジタル化が有効な作業工程を特定している。 | BB98: 3 | BC98: 1
B99: 5 | D99: デジタル機器等の導入やシステム構築の前に、全体の作業工程において、デジタル化が有効な作業工程（手検知、紙伝票管理、手動入力での集計分析等）を特定し、定量化しており、導入後の効率化（又は付加価値向上）の姿を目標値として定量化している。 ※定量化 ：紙伝票10万枚/年、手検知10 時間/月、野帳データPC入力10 時間/月など作業の労務等を数量把握すること
B100: 4 | D100: デジタル機器等の導入やシステム構築の前に、全体の作業工程において、デジタル化が有効な作業工程（手検知、紙伝票管理、手動入力での集計分析等）を特定し、明確化（書類上で項目整理、言語化）はしてはいるが、導入後の効率化（又は付加価値向上）の姿を目標値として定量化はしていない。
B101: 3 | D101: デジタル機器等の導入やシステム構築の前に、全体の作業工程において、デジタル化が有効な作業工程の特定や明確化に向けて、準備を行っている（作業の棚卸し・情報収集・打合せ等）。
B102: 2 | D102: デジタル機器等の導入やシステム構築の前に、全体工程のどこかではデジタル化が有効だと目星をつけているが、特定の作業工程は何となくの把握であり、明確化（書類上で項目整理、言語化）はしていない。
B103: 1 | D103: デジタル機器等の導入やシステム構築の前に、デジタル化が有効な作業工程を特定していない。
A104: 313 | B104: ③ 地域的な林業のデジタル化に関する事業計画を作成している。 | BB104: 3 | BC104: 1
B105: 5 | D105: 地域的な林業のデジタル化に関する事業計画を作成し、活動を実施している。
...

Sheet まとめ・比較（R7.6月版)
C1: スマート林業・DX実践のための進捗度チェックリスト 【まとめ】 | BH1: スマート林業・DX実践のための進捗度チェックリスト 【比較】
C3: コンソ名称 | J3: ='採点表（R7.6月版）'!$I$3 -> コンソA | BH3: コンソ名称 | BO3: ='採点表（R7.6月版）'!$I$3 -> コンソA | CL3: 比 較 対 象 | CN3: 比較１
C4: 評価者 氏名 | J4: ='採点表（R7.6月版）'!$I$4 -> 山林太郎 | BH4: 評価者 氏名 | BO4: ='採点表（R7.6月版）'!$I$4 -> 山林太郎 | CN4: 比較２
C5: 評価日 | J5: ='採点表（R7.6月版）'!$I$5 -> 45775 | BH5: 評価日 | BO5: ='採点表（R7.6月版）'!$I$5 -> 45775 | CN5: 比較３
B7: 100 | C7: （１）組織体制 | AI7: 採点 | AL7: 自由記入欄 | BC7: 1 | BG7: 100 | BH7: （１）組織体制 | CN7: 比較１ | CQ7: 比較２ | CT7: 比較３ | DJ7: グラフ用
B8: 111 | C8: =IFERROR(VLOOKUP('採点表（R7.6月版）'!$A278,'採点表（R7.6月版）'!$A$9:$BA$273,2,FALSE),"") -> ① 地域コンソーシアム（都道府県、市町村、原木供給者、原木需要者等が地域課題を協議する体制）を組成している。 | AI8: =IFERROR(VLOOKUP('採点表（R7.6月版）'!$A278,'採点表（R7.6月版）'!$A$9:$BA$273,34,FALSE),"") -> 0 | AL8: =VLOOKUP('採点表（R7.6月版）'!$A278,'採点表（R7.6月版）'!$A$9:$BA$273,37,FALSE) -> 0 | BA8: =IF(AI8=0,0,0.25*(AI8-1)*17.5) -> 0 | BC8: 1 | BD8: 1 | BG8: 111 | BH8: =IFERROR(VLOOKUP('採点表（R7.6月版）'!$A278,'採点表（R7.6月版）'!$A$9:$BA$273,2,FALSE),"") -> ① 地域コンソーシアム（都道府県、市町村、原木供給者、原木需要者等が地域課題を協議する体制）を組成している。 | CN8: =IFERROR(VLOOKUP('採点表（R7.6月版）'!$A278,'採点表（R7.6月版）'!$A$9:$BA$273,34,FALSE),"") -> 0 | DH8: 1 | DI8: 1 | DJ8: =IF(CN8=0,0,0.25*(CN8-1)*17.5) -> 0 | DL8: =IF(CQ8=0,0,0.25*(CQ8-1)*17.5) -> 0 | DN8: =IF(CT8=0,0,0.25*(CT8-1)*17.5) -> 0 | DY8: =IFERROR(VLOOKUP('採点表（R7.6月版）'!$A278,'採点表（R7.6月版）'!$A$9:$BA$273,34,FALSE),"") -> 0
B9: 112 | C9: =IFERROR(VLOOKUP('採点表（R7.6月版）'!$A279,'採点表（R7.6月版）'!$A$9:$BA$273,2,FALSE),"") -> ② デジタル技術導入に関して、総論について合意形成が図られている。 | AI9: =IFERROR(VLOOKUP('採点表（R7.6月版）'!$A279,'採点表（R7.6月版）'!$A$9:$BA$273,34,FALSE),"") -> 0 | AL9: =VLOOKUP('採点表（R7.6月版）'!$A279,'採点表（R7.6月版）'!$A$9:$BA$273,37,FALSE) -> 0 | BA9: =IF(AI9=0,0,0.25*(AI9-1)*17.5) -> 0 | BC9: 1 | BD9: 1 | BG9: 112 | BH9: =IFERROR(VLOOKUP('採点表（R7.6月版）'!$A279,'採点表（R7.6月版）'!$A$9:$BA$273,2,FALSE),"") -> ② デジタル技術導入に関して、総論について合意形成が図られている。 | CN9: =IFERROR(VLOOKUP('採点表（R7.6月版）'!$A279,'採点表（R7.6月版）'!$A$9:$BA$273,34,FALSE),"") -> 0 | DH9: 1 | DI9: 1 | DJ9: =IF(CN9=0,0,0.25*(CN9-1)*17.5) -> 0 | DL9: =IF(CQ9=0,0,0.25*(CQ9-1)*17.5) -> 0 | DN9: =IF(CT9=0,0,0.25*(CT9-1)*17.5) -> 0 | DY9: =IFERROR(VLOOKUP('採点表（R7.6月版）'!$A279,'採点表（R7.6月版）'!$A$9:$BA$273,34,FALSE),"") -> 0
B10: 121 | C10: =IFERROR(VLOOKUP('採点表（R7.6月版）'!$A280,'採点表（R7.6月版）'!$A$9:$BA$273,2,FALSE),"") -> ③ 地域コンソーシアムに金融機関、大学・試験研究機関等が参画している。 | AI10: =IFERROR(VLOOKUP('採点表（R7.6月版）'!$A280,'採点表（R7.6月版）'!$A$9:$BA$273,34,FALSE),"") -> 0 | AL10: =VLOOKUP('採点表（R7.6月版）'!$A280,'採点表（R7.6月版）'!$A$9:$BA$273,37,FALSE) -> 0 | BA10: =IF(AI10=0,0,0.25*(AI10-1)*17.5) -> 0 | BC10: 1 | BD10: 2 | BG10: 121 | BH10: =IFERROR(VLOOKUP('採点表（R7.6月版）'!$A280,'採点表（R7.6月版）'!$A$9:$BA$273,2,FALSE),"") -> ③ 地域コンソーシアムに金融機関、大学・試験研究機関等が参画している。 | CN10: =IFERROR(VLOOKUP('採点表（R7.6月版）'!$A280,'採点表（R7.6月版）'!$A$9:$BA$273,34,FALSE),"") -> 0 | DH10: 1 | DI10: 2 | DJ10: =IF(CN10=0,0,0.25*(CN10-1)*17.5) -> 0 | DL10: =IF(CQ10=0,0,0.25*(CQ10-1)*17.5) -> 0 | DN10: =IF(CT10=0,0,0.25*(CT10-1)*17.5) -> 0 | DY10: =IFERROR(VLOOKUP('採点表（R7.6月版）'!$A280,'採点表（R7.6月版）'!$A$9:$BA$273,34,FALSE),"") -> 0
B11: 122 | C11: =IFERROR(VLOOKUP('採点表（R7.6月版）'!$A281,'採点表（R7.6月版）'!$A$9:$BA$273,2,FALSE),"") -> ④ デジタル技術導入に関して、各論の実現に向けて、利害関係者間の調整を始めている。 | AI11: =IFERROR(VLOOKUP('採点表（R7.6月版）'!$A281,'採点表（R7.6月版）'!$A$9:$BA$273,34,FALSE),"") -> 0 | AL11: =VLOOKUP('採点表（R7.6月版）'!$A281,'採点表（R7.6月版）'!$A$9:$BA$273,37,FALSE) -> 0 | BA11: =IF(AI11=0,0,0.25*(AI11-1)*17.5) -> 0 | BC11: 1 | BD11: 2 | BG11: 122 | BH11: =IFERROR(VLOOKUP('採点表（R7.6月版）'!$A281,'採点表（R7.6月版）'!$A$9:$BA$273,2,FALSE),"") -> ④ デジタル技術導入に関して、各論の実現に向けて、利害関係者間の調整を始めている。 | CN11: =IFERROR(VLOOKUP('採点表（R7.6月版）'!$A281,'採点表（R7.6月版）'!$A$9:$BA$273,34,FALSE),"") -> 0 | DH11: 1 | DI11: 2 | DJ11: =IF(CN11=0,0,0.25*(CN11-1)*17.5) -> 0 | DL11: =IF(CQ11=0,0,0.25*(CQ11-1)*17.5) -> 0 | DN11: =IF(CT11=0,0,0.25*(CT11-1)*17.5) -> 0 | DY11: =IFERROR(VLOOKUP('採点表（R7.6月版）'!$A281,'採点表（R7.6月版）'!$A$9:$BA$273,34,FALSE),"") -> 0
B12: 131 | C12: =IFERROR(VLOOKUP('採点表（R7.6月版）'!$A282,'採点表（R7.6月版）'!$A$9:$BA$273,2,FALSE),"") -> ⑤ 地域コンソーシアムが合意形成に向けた議論の場として機能している。 | AI12: =IFERROR(VLOOKUP('採点表（R7.6月版）'!$A282,'採点表（R7.6月版）'!$A$9:$BA$273,34,FALSE),"") -> 0 | AL12: =VLOOKUP('採点表（R7.6月版）'!$A282,'採点表（R7.6月版）'!$A$9:$BA$273,37,FALSE) -> 0 | BA12: =IF(AI12=0,0,0.25*(AI12-1)*11) -> 0 | BC12: 1 | BD12: 3 | BG12: 131 | BH12: =IFERROR(VLOOKUP('採点表（R7.6月版）'!$A282,'採点表（R7.6月版）'!$A$9:$BA$273,2,FALSE),"") -> ⑤ 地域コンソーシアムが合意形成に向けた議論の場として機能している。 | CN12: =IFERROR(VLOOKUP('採点表（R7.6月版）'!$A282,'採点表（R7.6月版）'!$A$9:$BA$273,34,FALSE),"") -> 0 | DH12: 1 | DI12: 3 | DJ12: =IF(CN12=0,0,0.25*(CN12-1)*11) -> 0 | DL12: =IF(CQ12=0,0,0.25*(CQ12-1)*11) -> 0 | DN12: =IF(CT12=0,0,0.25*(CT12-1)*11) -> 0 | DY12: =IFERROR(VLOOKUP('採点表（R7.6月版）'!$A282,'採点表（R7.6月版）'!$A$9:$BA$273,34,FALSE),"") -> 0
B13: 132 | C13: =IFERROR(VLOOKUP('採点表（R7.6月版）'!$A283,'採点表（R7.6月版）'!$A$9:$BA$273,2,FALSE),"") -> ⑥ 外部支援者の助言を積極的に採用している。 | AI13: =IFERROR(VLOOKUP('採点表（R7.6月版）'!$A283,'採点表（R7.6月版）'!$A$9:$BA$273,34,FALSE),"") -> 0 | AL13: =VLOOKUP('採点表（R7.6月版）'!$A283,'採点表（R7.6月版）'!$A$9:$BA$273,37,FALSE) -> 0 | BA13: =IF(AI13=0,0,0.25*(AI13-1)*11) -> 0 | BC13: 1 | BD13: 3 | BG13: 132 | BH13: =IFERROR(VLOOKUP('採点表（R7.6月版）'!$A283,'採点表（R7.6月版）'!$A$9:$BA$273,2,FALSE),"") -> ⑥ 外部支援者の助言を積極的に採用している。 | CN13: =IFERROR(VLOOKUP('採点表（R7.6月版）'!$A283,'採点表（R7.6月版）'!$A$9:$BA$273,34,FALSE),"") -> 0 | DH13: 1 | DI13: 3 | DJ13: =IF(CN13=0,0,0.25*(CN13-1)*11) -> 0 | DL13: =IF(CQ13=0,0,0.25*(CQ13-1)*11) -> 0 | DN13: =IF(CT13=0,0,0.25*(CT13-1)*11) -> 0 | DY13: =IFERROR(VLOOKUP('採点表（R7.6月版）'!$A283,'採点表（R7.6月版）'!$A$9:$BA$273,34,FALSE),"") -> 0
B14: 133 | C14: =IFERROR(VLOOKUP('採点表（R7.6月版）'!$A284,'採点表（R7.6月版）'!$A$9:$BA$273,2,FALSE),"") -> ⑦ デジタル技術導入に関して、各論についても、合意形成が進んでいる。 | AI14: =IFERROR(VLOOKUP('採点表（R7.6月版）'!$A284,'採点表（R7.6月版）'!$A$9:$BA$273,34,FALSE),"") -> 0 | AL14: =VLOOKUP('採点表（R7.6月版）'!$A284,'採点表（R7.6月版）'!$A$9:$BA$273,37,FALSE) -> 0 | BA14: =IF(AI14=0,0,0.25*(AI14-1)*11) -> 0 | BC14: 1 | BD14: 3 | BG14: 133 | BH14: =IFERROR(VLOOKUP('採点表（R7.6月版）'!$A284,'採点表（R7.6月版）'!$A$9:$BA$273,2,FALSE),"") -> ⑦ デジタル技術導入に関して、各論についても、合意形成が進んでいる。 | CN14: =IFERROR(VLOOKUP('採点表（R7.6月版）'!$A284,'採点表（R7.6月版）'!$A$9:$BA$273,34,FALSE),"") -> 0 | DH14: 1 | DI14: 3 | DJ14: =IF(CN14=0,0,0.25*(CN14-1)*11) -> 0 | DL14: =IF(CQ14=0,0,0.25*(CQ14-1)*11) -> 0 | DN14: =IF(CT14=0,0,0.25*(CT14-1)*11) -> 0 | DY14: =IFERROR(VLOOKUP('採点表（R7.6月版）'!$A284,'採点表（R7.6月版）'!$A$9:$BA$273,34,FALSE),"") -> 0
B15: 141 | C15: =IFERROR(VLOOKUP('採点表（R7.6月版）'!$A285,'採点表（R7.6月版）'!$A$9:$BA$273,2,FALSE),"") -> ⑧ その他（組織体制関係） | AI15: =IFERROR(VLOOKUP('採点表（R7.6月版）'!$A285,'採点表（R7.6月版）'!$A$9:$BA$273,34,FALSE),"") -> 0 | AL15: =VLOOKUP('採点表（R7.6月版）'!$A285,'採点表（R7.6月版）'!$A$9:$BA$273,37,FALSE) -> 0 | BC15: 1 | BG15: 141 | BH15: =IFERROR(VLOOKUP('採点表（R7.6月版）'!$A285,'採点表（R7.6月版）'!$A$9:$BA$273,2,FALSE),"") -> ⑧ その他（組織体制関係） | CN15: =IFERROR(VLOOKUP('採点表（R7.6月版）'!$A285,'採点表（R7.6月版）'!$A$9:$BA$273,34,FALSE),"") -> 0 | DH15: 1 | DY15: =IFERROR(VLOOKUP('採点表（R7.6月版）'!$A285,'採点表（R7.6月版）'!$A$9:$BA$273,34,FALSE),"") -> 0
B16: 200 | C16: （２）資金調達 | AI16: 採点 | AL16: 自由記入欄 | BC16: 2 | BG16: 200 | BH16: （２）資金調達 | CN16: 採点 | CQ16: 採点 | CT16: 採点 | DH16: 2 | DY16: 採点
B17: 211 | C17: =IFERROR(VLOOKUP('採点表（R7.6月版）'!$A287,'採点表（R7.6月版）'!$A$9:$BA$273,2,FALSE),"") -> ① 活動費の規模が大きい | AI17: =IFERROR(VLOOKUP('採点表（R7.6月版）'!$A287,'採点表（R7.6月版）'!$A$9:$BA$273,34,FALSE),"") -> 0 | AL17: =VLOOKUP('採点表（R7.6月版）'!$A287,'採点表（R7.6月版）'!$A$9:$BA$273,37,FALSE) -> 0 | BA17: =IF(AI17=0,0,0.25*(AI17-1)*33) -> 0 | BC17: 2 | BD17: 1 | BG17: 211 | BH17: =IFERROR(VLOOKUP('採点表（R7.6月版）'!$A287,'採点表（R7.6月版）'!$A$9:$BA$273,2,FALSE),"") -> ① 活動費の規模が大きい | CN17: =IFERROR(VLOOKUP('採点表（R7.6月版）'!$A287,'採点表（R7.6月版）'!$A$9:$BA$273,34,FALSE),"") -> 0 | DH17: 2 | DI17: 1 | DJ17: =IF(CN17=0,0,0.25*(CN17-1)*33) -> 0 | DL17: =IF(CQ17=0,0,0.25*(CQ17-1)*33) -> 0 | DN17: =IF(CT17=0,0,0.25*(CT17-1)*33) -> 0 | DY17: =IFERROR(VLOOKUP('採点表（R7.6月版）'!$A287,'採点表（R7.6月版）'!$A$9:$BA$273,34,FALSE),"") -> 0
B18: 221 | C18: =IFERROR(VLOOKUP('採点表（R7.6月版）'!$A288,'採点表（R7.6月版）'!$A$9:$BA$273,2,FALSE),"") -> ② 国の補助金を主要な資金源として、地域一体とした実証を実施している。 | AI18: =IFERROR(VLOOKUP('採点表（R7.6月版）'!$A288,'採点表（R7.6月版）'!$A$9:$BA$273,34,FALSE),"") -> 0 | AL18: =VLOOKUP('採点表（R7.6月版）'!$A288,'採点表（R7.6月版）'!$A$9:$BA$273,37,FALSE) -> 0 | BA18: =IF(AI18=0,0,0.25*(AI18-1)*17.5) -> 0 | BC18: 2 | BD18: 2 | BG18: 221 | BH18: =IFERROR(VLOOKUP('採点表（R7.6月版）'!$A288,'採点表（R7.6月版）'!$A$9:$BA$273,2,FALSE),"") -> ② 国の補助金を主要な資金源として、地域一体とした実証を実施している。 | CN18: =IFERROR(VLOOKUP('採点表（R7.6月版）'!$A288,'採点表（R7.6月版）'!$A$9:$BA$273,34,FALSE),"") -> 0 | DH18: 2 | DI18: 2 | DJ18: =IF(CN18=0,0,0.25*(CN18-1)*17.5) -> 0 | DL18: =IF(CQ18=0,0,0.25*(CQ18-1)*17.5) -> 0 | DN18: =IF(CT18=0,0,0.25*(CT18-1)*17.5) -> 0 | DY18: =IFERROR(VLOOKUP('採点表（R7.6月版）'!$A288,'採点表（R7.6月版）'!$A$9:$BA$273,34,FALSE),"") -> 0
B19: 222 | C19: =IFERROR(VLOOKUP('採点表（R7.6月版）'!$A289,'採点表（R7.6月版）'!$A$9:$BA$273,2,FALSE),"") -> ③ 国の補助金の終了後を見据えて、資金調達計画を立案している。 | AI19: =IFERROR(VLOOKUP('採点表（R7.6月版）'!$A289,'採点表（R7.6月版）'!$A$9:$BA$273,34,FALSE),"") -> 0 | AL19: =VLOOKUP('採点表（R7.6月版）'!$A289,'採点表（R7.6月版）'!$A$9:$BA$273,37,FALSE) -> 0 | BA19: =IF(AI19=0,0,0.25*(AI19-1)*17.5) -> 0 | BC19: 2 | BD19: 2 | BG19: 222 | BH19: =IFERROR(VLOOKUP('採点表（R7.6月版）'!$A289,'採点表（R7.6月版）'!$A$9:$BA$273,2,FALSE),"") -> ③ 国の補助金の終了後を見据えて、資金調達計画を立案している。 | CN19: =IFERROR(VLOOKUP('採点表（R7.6月版）'!$A289,'採点表（R7.6月版）'!$A$9:$BA$273,34,FALSE),"") -> 0 | DH19: 2 | DI19: 2 | DJ19: =IF(CN19=0,0,0.25*(CN19-1)*17.5) -> 0 | DL19: =IF(CQ19=0,0,0.25*(CQ19-1)*17.5) -> 0 | DN19: =IF(CT19=0,0,0.25*(CT19-1)*17.5) -> 0 | DY19: =IFERROR(VLOOKUP('採点表（R7.6月版）'!$A289,'採点表（R7.6月版）'!$A$9:$BA$273,34,FALSE),"") -> 0
B20: 231 | C20: =IFERROR(VLOOKUP('採点表（R7.6月版）'!$A290,'採点表（R7.6月版）'!$A$9:$BA$273,2,FALSE),"") -> ④ 国の補助金は補助的な使用に留まり、構成員の分担金、都道府県費、銀行借入等により、資金調達を行っている。 | AI20: =IFERROR(VLOOKUP('採点表（R7.6月版）'!$A290,'採点表（R7.6月版）'!$A$9:$BA$273,34,FALSE),"") -> 0 | AL20: =VLOOKUP('採点表（R7.6月版）'!$A290,'採点表（R7.6月版）'!$A$9:$BA$273,37,FALSE) -> 0 | BA20: =IF(AI20=0,0,0.25*(AI20-1)*33) -> 0 | BC20: 2 | BD20: 3 | BG20: 231 | BH20: =IFERROR(VLOOKUP('採点表（R7.6月版）'!$A290,'採点表（R7.6月版）'!$A$9:$BA$273,2,FALSE),"") -> ④ 国の補助金は補助的な使用に留まり、構成員の分担金、都道府県費、銀行借入等により、資金調達を行っている。 | CN20: =IFERROR(VLOOKUP('採点表（R7.6月版）'!$A290,'採点表（R7.6月版）'!$A$9:$BA$273,34,FALSE),"") -> 0 | DH20: 2 | DI20: 3 | DJ20: =IF(CN20=0,0,0.25*(CN20-1)*33) -> 0 | DL20: =IF(CQ20=0,0,0.25*(CQ20-1)*33) -> 0 | DN20: =IF(CT20=0,0,0.25*(CT20-1)*33) -> 0 | DY20: =IFERROR(VLOOKUP('採点表（R7.6月版）'!$A290,'採点表（R7.6月版）'!$A$9:$BA$273,34,FALSE),"") -> 0
B21: 241 | C21: =IFERROR(VLOOKUP('採点表（R7.6月版）'!$A291,'採点表（R7.6月版）'!$A$9:$BA$273,2,FALSE),"") -> ⑤ その他（資金調達関係） | AI21: =IFERROR(VLOOKUP('採点表（R7.6月版）'!$A291,'採点表（R7.6月版）'!$A$9:$BA$273,34,FALSE),"") -> 0 | AL21: =VLOOKUP('採点表（R7.6月版）'!$A291,'採点表（R7.6月版）'!$A$9:$BA$273,37,FALSE) -> 0 | BC21: 2 | BG21: 241 | BH21: =IFERROR(VLOOKUP('採点表（R7.6月版）'!$A291,'採点表（R7.6月版）'!$A$9:$BA$273,2,FALSE),"") -> ⑤ その他（資金調達関係） | CN21: =IFERROR(VLOOKUP('採点表（R7.6月版）'!$A291,'採点表（R7.6月版）'!$A$9:$BA$273,34,FALSE),"") -> 0 | DH21: 2 | DY21: =IFERROR(VLOOKUP('採点表（R7.6月版）'!$A291,'採点表（R7.6月版）'!$A$9:$BA$273,34,FALSE),"") -> 0
B22: 300 | C22: （３）活動内容 | AI22: 採点 | AL22: 自由記入欄 | BG22: 300 | BH22: （３）活動内容 | CN22: 採点 | CQ22: 採点 | CT22: 採点 | DY22: 採点
B23: 311 | C23: =IFERROR(VLOOKUP('採点表（R7.6月版）'!$A293,'採点表（R7.6月版）'!$A$9:$BA$273,2,FALSE),"") -> ① 地域的な課題を明確化している。 | AI23: =IFERROR(VLOOKUP('採点表（R7.6月版）'!$A293,'採点表（R7.6月版）'!$A$9:$BA$273,34,FALSE),"") -> 0 | AL23: =VLOOKUP('採点表（R7.6月版）'!$A293,'採点表（R7.6月版）'!$A$9:$BA$273,37,FALSE) -> 0 | BA23: =IF(AI23=0,0,0.25*(AI23-1)*11) -> 0 | BC23: 3 | BD23: 1 | BG23: 311 | BH23: =IFERROR(VLOOKUP('採点表（R7.6月版）'!$A293,'採点表（R7.6月版）'!$A$9:$BA$273,2,FALSE),"") -> ① 地域的な課題を明確化している。 | CN23: =IFERROR(VLOOKUP('採点表（R7.6月版）'!$A293,'採点表（R7.6月版）'!$A$9:$BA$273,34,FALSE),"") -> 0 | DH23: 3 | DI23: 1 | DJ23: =IF(CN23=0,0,0.25*(CN23-1)*11) -> 0 | DL23: =IF(CQ23=0,0,0.25*(CQ23-1)*11) -> 0 | DN23: =IF(CT23=0,0,0.25*(CT23-1)*11) -> 0 | DY23: =IFERROR(VLOOKUP('採点表（R7.6月版）'!$A293,'採点表（R7.6月版）'!$A$9:$BA$273,34,FALSE),"") -> 0
B24: 312 | C24: =IFERROR(VLOOKUP('採点表（R7.6月版）'!$A294,'採点表（R7.6月版）'!$A$9:$BA$273,2,FALSE),"") -> ② デジタル化が有効な作業工程を特定している。 | AI24: =IFERROR(VLOOKUP('採点表（R7.6月版）'!$A294,'採点表（R7.6月版）'!$A$9:$BA$273,34,FALSE),"") -> 0 | AL24: =VLOOKUP('採点表（R7.6月版）'!$A294,'採点表（R7.6月版）'!$A$9:$BA$273,37,FALSE) -> 0 | BA24: =IF(AI24=0,0,0.25*(AI24-1)*11) -> 0 | BC24: 3 | BD24: 1 | BG24: 312 | BH24: =IFERROR(VLOOKUP('採点表（R7.6月版）'!$A294,'採点表（R7.6月版）'!$A$9:$BA$273,2,FALSE),"") -> ② デジタル化が有効な作業工程を特定している。 | CN24: =IFERROR(VLOOKUP('採点表（R7.6月版）'!$A294,'採点表（R7.6月版）'!$A$9:$BA$273,34,FALSE),"") -> 0 | DH24: 3 | DI24: 1 | DJ24: =IF(CN24=0,0,0.25*(CN24-1)*11) -> 0 | DL24: =IF(CQ24=0,0,0.25*(CQ24-1)*11) -> 0 | DN24: =IF(CT24=0,0,0.25*(CT24-1)*11) -> 0 | DY24: =IFERROR(VLOOKUP('採点表（R7.6月版）'!$A294,'採点表（R7.6月版）'!$A$9:$BA$273,34,FALSE),"") -> 0
B25: 313 | C25: =IFERROR(VLOOKUP('採点表（R7.6月版）'!$A295,'採点表（R7.6月版）'!$A$9:$BA$273,2,FALSE),"") -> ③ 地域的な林業のデジタル化に関する事業計画を作成している。 | AI25: =IFERROR(VLOOKUP('採点表（R7.6月版）'!$A295,'採点表（R7.6月版）'!$A$9:$BA$273,34,FALSE),"") -> 0 | AL25: =VLOOKUP('採点表（R7.6月版）'!$A295,'採点表（R7.6月版）'!$A$9:$BA$273,37,FALSE) -> 0 | BA25: =IF(AI25=0,0,0.25*(AI25-1)*11) -> 0 | BC25: 3 | BD25: 1 | BG25: 313 | BH25: =IFERROR(VLOOKUP('採点表（R7.6月版）'!$A295,'採点表（R7.6月版）'!$A$9:$BA$273,2,FALSE),"") -> ③ 地域的な林業のデジタル化に関する事業計画を作成している。 | CN25: =IFERROR(VLOOKUP('採点表（R7.6月版）'!$A295,'採点表（R7.6月版）'!$A$9:$BA$273,34,FALSE),"") -> 0 | DH25: 3 | DI25: 1 | DJ25: =IF(CN25=0,0,0.25*(CN25-1)*11) -> 0 | DL25: =IF(CQ25=0,0,0.25*(CQ25-1)*11) -> 0 | DN25: =IF(CT25=0,0,0.25*(CT25-1)*11) -> 0 | DY25: =IFERROR(VLOOKUP('採点表（R7.6月版）'!$A295,'採点表（R7.6月版）'!$A$9:$BA$273,34,FALSE),"") -> 0
B26: 321 | C26: =IFERROR(VLOOKUP('採点表（R7.6月版）'!$A296,'採点表（R7.6月版）'!$A$9:$BA$273,2,FALSE),"") -> ④ 複数事業者又は複数工程でのデータ連携に関する実証を行っている。 | AI26: =IFERROR(VLOOKUP('採点表（R7.6月版）'!$A296,'採点表（R7.6月版）'!$A$9:$BA$273,34,FALSE),"") -> 0 | AL26: =VLOOKUP('採点表（R7.6月版）'!$A296,'採点表（R7.6月版）'!$A$9:$BA$273,37,FALSE) -> 0 | BA26: =IF(AI26=0,0,0.25*(AI26-1)*11) -> 0 | BC26: 3 | BD26: 2 | BG26: 321 | BH26: =IFERROR(VLOOKUP('採点表（R7.6月版）'!$A296,'採点表（R7.6月版）'!$A$9:$BA$273,2,FALSE),"") -> ④ 複数事業者又は複数工程でのデータ連携に関する実証を行っている。 | CN26: =IFERROR(VLOOKUP('採点表（R7.6月版）'!$A296,'採点表（R7.6月版）'!$A$9:$BA$273,34,FALSE),"") -> 0 | DH26: 3 | DI26: 2 | DJ26: =IF(CN26=0,0,0.25*(CN26-1)*11) -> 0 | DL26: =IF(CQ26=0,0,0.25*(CQ26-1)*11) -> 0 | DN26: =IF(CT26=0,0,0.25*(CT26-1)*11) -> 0 | DY26: =IFERROR(VLOOKUP('採点表（R7.6月版）'!$A296,'採点表（R7.6月版）'!$A$9:$BA$273,34,FALSE),"") -> 0
B27: 322 | C27: =IFERROR(VLOOKUP('採点表（R7.6月版）'!$A297,'採点表（R7.6月版）'!$A$9:$BA$273,2,FALSE),"") -> ⑤ 個社又は個別工程でのデジタル化を一部実用化している。 | AI27: =IFERROR(VLOOKUP('採点表（R7.6月版）'!$A297,'採点表（R7.6月版）'!$A$9:$BA$273,34,FALSE),"") -> 0 | AL27: =VLOOKUP('採点表（R7.6月版）'!$A297,'採点表（R7.6月版）'!$A$9:$BA$273,37,FALSE) -> 0 | BA27: =IF(AI27=0,0,0.25*(AI27-1)*11) -> 0 | BC27: 3 | BD27: 2 | BG27: 322 | BH27: =IFERROR(VLOOKUP('採点表（R7.6月版）'!$A297,'採点表（R7.6月版）'!$A$9:$BA$273,2,FALSE),"") -> ⑤ 個社又は個別工程でのデジタル化を一部実用化している。 | CN27: =IFERROR(VLOOKUP('採点表（R7.6月版）'!$A297,'採点表（R7.6月版）'!$A$9:$BA$273,34,FALSE),"") -> 0 | DH27: 3 | DI27: 2 | DJ27: =IF(CN27=0,0,0.25*(CN27-1)*11) -> 0 | DL27: =IF(CQ27=0,0,0.25*(CQ27-1)*11) -> 0 | DN27: =IF(CT27=0,0,0.25*(CT27-1)*11) -> 0 | DY27: =IFERROR(VLOOKUP('採点表（R7.6月版）'!$A297,'採点表（R7.6月版）'!$A$9:$BA$273,34,FALSE),"") -> 0
B28: 323 | C28: =IFERROR(VLOOKUP('採点表（R7.6月版）'!$A298,'採点表（R7.6月版）'!$A$9:$BA$273,2,FALSE),"") -> ⑥ 地域内のデジタル化の取組（実証又は実用化）の規模 | AI28: =IFERROR(VLOOKUP('採点表（R7.6月版）'!$A298,'採点表（R7.6月版）'!$A$9:$BA$273,34,FALSE),"") -> 0 | AL28: =VLOOKUP('採点表（R7.6月版）'!$A298,'採点表（R7.6月版）'!$A$9:$BA$273,37,FALSE) -> 0 | BA28: =IF(AI28=0,0,0.25*(AI28-1)*11) -> 0 | BC28: 3 | BD28: 2 | BG28: 323 | BH28: =IFERROR(VLOOKUP('採点表（R7.6月版）'!$A298,'採点表（R7.6月版）'!$A$9:$BA$273,2,FALSE),"") -> ⑥ 地域内のデジタル化の取組（実証又は実用化）の規模 | CN28: =IFERROR(VLOOKUP('採点表（R7.6月版）'!$A298,'採点表（R7.6月版）'!$A$9:$BA$273,34,FALSE),"") -> 0 | DH28: 3 | DI28: 2 | DJ28: =IF(CN28=0,0,0.25*(CN28-1)*11) -> 0 | DL28: =IF(CQ28=0,0,0.25*(CQ28-1)*11) -> 0 | DN28: =IF(CT28=0,0,0.25*(CT28-1)*11) -> 0 | DY28: =IFERROR(VLOOKUP('採点表（R7.6月版）'!$A298,'採点表（R7.6月版）'!$A$9:$BA$273,34,FALSE),"") -> 0
B29: 331 | C29: =IFERROR(VLOOKUP('採点表（R7.6月版）'!$A299,'採点表（R7.6月版）'!$A$9:$BA$273,2,FALSE),"") -> ⑦ 複数事業者又は複数工程でのデータ連携が実用化されている。 | AI29: =IFERROR(VLOOKUP('採点表（R7.6月版）'!$A299,'採点表（R7.6月版）'!$A$9:$BA$273,34,FALSE),"") -> 0 | AL29: =VLOOKUP('採点表（R7.6月版）'!$A299,'採点表（R7.6月版）'!$A$9:$BA$273,37,FALSE) -> 0 | BA29: =IF(AI29=0,0,0.25*(AI29-1)*33) -> 0 | BC29: 3 | BD29: 3 | BG29: 331 | BH29: =IFERROR(VLOOKUP('採点表（R7.6月版）'!$A299,'採点表（R7.6月版）'!$A$9:$BA$273,2,FALSE),"") -> ⑦ 複数事業者又は複数工程でのデータ連携が実用化されている。 | CN29: =IFERROR(VLOOKUP('採点表（R7.6月版）'!$A299,'採点表（R7.6月版）'!$A$9:$BA$273,34,FALSE),"") -> 0 | DH29: 3 | DI29: 3 | DJ29: =IF(CN29=0,0,0.25*(CN29-1)*33) -> 0 | DL29: =IF(CQ29=0,0,0.25*(CQ29-1)*33) -> 0 | DN29: =IF(CT29=0,0,0.25*(CT29-1)*33) -> 0 | DY29: =IFERROR(VLOOKUP('採点表（R7.6月版）'!$A299,'採点表（R7.6月版）'!$A$9:$BA$273,34,FALSE),"") -> 0
B30: 341 | C30: =IFERROR(VLOOKUP('採点表（R7.6月版）'!$A300,'採点表（R7.6月版）'!$A$9:$BA$273,2,FALSE),"") -> ⑧ その他（活動内容関係） | AI30: =IFERROR(VLOOKUP('採点表（R7.6月版）'!$A300,'採点表（R7.6月版）'!$A$9:$BA$273,34,FALSE),"") -> 0 | AL30: =VLOOKUP('採点表（R7.6月版）'!$A300,'採点表（R7.6月版）'!$A$9:$BA$273,37,FALSE) -> 0 | BC30: 3 | BG30: 341 | BH30: =IFERROR(VLOOKUP('採点表（R7.6月版）'!$A300,'採点表（R7.6月版）'!$A$9:$BA$273,2,FALSE),"") -> ⑧ その他（活動内容関係） | CN30: =IFERROR(VLOOKUP('採点表（R7.6月版）'!$A300,'採点表（R7.6月版）'!$A$9:$BA$273,34,FALSE),"") -> 0 | DH30: 3 | DY30: =IFERROR(VLOOKUP('採点表（R7.6月版）'!$A300,'採点表（R7.6月版）'!$A$9:$BA$273,34,FALSE),"") -> 0
B31: 400 | C31: （４）改善プロセス | AI31: 採点 | AL31: 自由記入欄 | BC31: 4 | BG31: 400 | BH31: （４）改善プロセス | CN31: 採点 | CQ31: 採点 | CT31: 採点 | DH31: 4 | DY31: 採点
B32: 411 | C32: =IFERROR(VLOOKUP('採点表（R7.6月版）'!$A302,'採点表（R7.6月版）'!$A$9:$BA$273,2,FALSE),"") -> ① 林業のデジタル化の効果等について、情報収集をしている。 | AI32: =IFERROR(VLOOKUP('採点表（R7.6月版）'!$A302,'採点表（R7.6月版）'!$A$9:$BA$273,34,FALSE),"") -> 0 | AL32: =VLOOKUP('採点表（R7.6月版）'!$A302,'採点表（R7.6月版）'!$A$9:$BA$273,37,FALSE) -> 0 | BA32: =IF(AI32=0,0,0.25*(AI32-1)*17.5) -> 0 | BC32: 4 | BD32: 1 | BG32: 411 | BH32: =IFERROR(VLOOKUP('採点表（R7.6月版）'!$A302,'採点表（R7.6月版）'!$A$9:$BA$273,2,FALSE),"") -> ① 林業のデジタル化の効果等について、情報収集をしている。 | CN32: =IFERROR(VLOOKUP('採点表（R7.6月版）'!$A302,'採点表（R7.6月版）'!$A$9:$BA$273,34,FALSE),"") -> 0 | DH32: 4 | DI32: 1 | DJ32: =IF(CN32=0,0,0.25*(CN32-1)*17.5) -> 0 | DL32: =IF(CQ32=0,0,0.25*(CQ32-1)*17.5) -> 0 | DN32: =IF(CT32=0,0,0.25*(CT32-1)*17.5) -> 0 | DY32: =IFERROR(VLOOKUP('採点表（R7.6月版）'!$A302,'採点表（R7.6月版）'!$A$9:$BA$273,34,FALSE),"") -> 0
B33: 412 | C33: =IFERROR(VLOOKUP('採点表（R7.6月版）'!$A303,'採点表（R7.6月版）'!$A$9:$BA$273,2,FALSE),"") -> ② 地域の実情・課題に適したデジタル技術を選択するように努めている。 | AI33: =IFERROR(VLOOKUP('採点表（R7.6月版）'!$A303,'採点表（R7.6月版）'!$A$9:$BA$273,34,FALSE),"") -> 0 | AL33: =VLOOKUP('採点表（R7.6月版）'!$A303,'採点表（R7.6月版）'!$A$9:$BA$273,37,FALSE) -> 0 | BA33: =IF(AI33=0,0,0.25*(AI33-1)*17.5) -> 0 | BC33: 4 | BD33: 1 | BG33: 412 | BH33: =IFERROR(VLOOKUP('採点表（R7.6月版）'!$A303,'採点表（R7.6月版）'!$A$9:$BA$273,2,FALSE),"") -> ② 地域の実情・課題に適したデジタル技術を選択するように努めている。 | CN33: =IFERROR(VLOOKUP('採点表（R7.6月版）'!$A303,'採点表（R7.6月版）'!$A$9:$BA$273,34,FALSE),"") -> 0 | DH33: 4 | DI33: 1 | DJ33: =IF(CN33=0,0,0.25*(CN33-1)*17.5) -> 0 | DL33: =IF(CQ33=0,0,0.25*(CQ33-1)*17.5) -> 0 | DN33: =IF(CT33=0,0,0.25*(CT33-1)*17.5) -> 0 | DY33: =IFERROR(VLOOKUP('採点表（R7.6月版）'!$A303,'採点表（R7.6月版）'!$A$9:$BA$273,34,FALSE),"") -> 0
B34: 421 | C34: =IFERROR(VLOOKUP('採点表（R7.6月版）'!$A304,'採点表（R7.6月版）'!$A$9:$BA$273,2,FALSE),"") -> ③ 機器等や収集データの精度検証や、ICT機器等の導入効果を算出している。 | AI34: =IFERROR(VLOOKUP('採点表（R7.6月版）'!$A304,'採点表（R7.6月版）'!$A$9:$BA$273,34,FALSE),"") -> 0 | AL34: =VLOOKUP('採点表（R7.6月版）'!$A304,'採点表（R7.6月版）'!$A$9:$BA$273,37,FALSE) -> 0 | BA34: =IF(AI34=0,0,0.25*(AI34-1)*17.5) -> 0 | BC34: 4 | BD34: 2 | BG34: 421 | BH34: =IFERROR(VLOOKUP('採点表（R7.6月版）'!$A304,'採点表（R7.6月版）'!$A$9:$BA$273,2,FALSE),"") -> ③ 機器等や収集データの精度検証や、ICT機器等の導入効果を算出している。 | CN34: =IFERROR(VLOOKUP('採点表（R7.6月版）'!$A304,'採点表（R7.6月版）'!$A$9:$BA$273,34,FALSE),"") -> 0 | DH34: 4 | DI34: 2 | DJ34: =IF(CN34=0,0,0.25*(CN34-1)*17.5) -> 0 | DL34: =IF(CQ34=0,0,0.25*(CQ34-1)*17.5) -> 0 | DN34: =IF(CT34=0,0,0.25*(CT34-1)*17.5) -> 0 | DY34: =IFERROR(VLOOKUP('採点表（R7.6月版）'!$A304,'採点表（R7.6月版）'!$A$9:$BA$273,34,FALSE),"") -> 0
B35: 422 | C35: =IFERROR(VLOOKUP('採点表（R7.6月版）'!$A305,'採点表（R7.6月版）'!$A$9:$BA$273,2,FALSE),"") -> ④ 機器操作やデータ取得・分析方法に関して、地域に適した改良を行っている。 | AI35: =IFERROR(VLOOKUP('採点表（R7.6月版）'!$A305,'採点表（R7.6月版）'!$A$9:$BA$273,34,FALSE),"") -> 0 | AL35: =VLOOKUP('採点表（R7.6月版）'!$A305,'採点表（R7.6月版）'!$A$9:$BA$273,37,FALSE) -> 0 | BA35: =IF(AI35=0,0,0.25*(AI35-1)*17.5) -> 0 | BC35: 4 | BD35: 2 | BG35: 422 | BH35: =IFERROR(VLOOKUP('採点表（R7.6月版）'!$A305,'採点表（R7.6月版）'!$A$9:$BA$273,2,FALSE),"") -> ④ 機器操作やデータ取得・分析方法に関して、地域に適した改良を行っている。 | CN35: =IFERROR(VLOOKUP('採点表（R7.6月版）'!$A305,'採点表（R7.6月版）'!$A$9:$BA$273,34,FALSE),"") -> 0 | DH35: 4 | DI35: 2 | DJ35: =IF(CN35=0,0,0.25*(CN35-1)*17.5) -> 0 | DL35: =IF(CQ35=0,0,0.25*(CQ35-1)*17.5) -> 0 | DN35: =IF(CT35=0,0,0.25*(CT35-1)*17.5) -> 0 | DY35: =IFERROR(VLOOKUP('採点表（R7.6月版）'!$A305,'採点表（R7.6月版）'!$A$9:$BA$273,34,FALSE),"") -> 0
B36: 431 | C36: =IFERROR(VLOOKUP('採点表（R7.6月版）'!$A306,'採点表（R7.6月版）'!$A$9:$BA$273,2,FALSE),"") -> ⑤ デジタル技術を業務の中で常用している。 | AI36: =IFERROR(VLOOKUP('採点表（R7.6月版）'!$A306,'採点表（R7.6月版）'!$A$9:$BA$273,34,FALSE),"") -> 0 | AL36: =VLOOKUP('採点表（R7.6月版）'!$A306,'採点表（R7.6月版）'!$A$9:$BA$273,37,FALSE) -> 0 | BA36: =IF(AI36=0,0,0.25*(AI36-1)*17.5) -> 0 | BC36: 4 | BD36: 3 | BG36: 431 | BH36: =IFERROR(VLOOKUP('採点表（R7.6月版）'!$A306,'採点表（R7.6月版）'!$A$9:$BA$273,2,FALSE),"") -> ⑤ デジタル技術を業務の中で常用している。 | CN36: =IFERROR(VLOOKUP('採点表（R7.6月版）'!$A306,'採点表（R7.6月版）'!$A$9:$BA$273,34,FALSE),"") -> 0 | DH36: 4 | DI36: 3 | DJ36: =IF(CN36=0,0,0.25*(CN36-1)*17.5) -> 0 | DL36: =IF(CQ36=0,0,0.25*(CQ36-1)*17.5) -> 0 | DN36: =IF(CT36=0,0,0.25*(CT36-1)*17.5) -> 0 | DY36: =IFERROR(VLOOKUP('採点表（R7.6月版）'!$A306,'採点表（R7.6月版）'!$A$9:$BA$273,34,FALSE),"") -> 0
B37: 432 | C37: =IFERROR(VLOOKUP('採点表（R7.6月版）'!$A307,'採点表（R7.6月版）'!$A$9:$BA$273,2,FALSE),"") -> ⑥ 検証・改良により改善を図るプロセス（PDCA等）を確立している。 | AI37: =IFERROR(VLOOKUP('採点表（R7.6月版）'!$A307,'採点表（R7.6月版）'!$A$9:$BA$273,34,FALSE),"") -> 0 | AL37: =VLOOKUP('採点表（R7.6月版）'!$A307,'採点表（R7.6月版）'!$A$9:$BA$273,37,FALSE) -> 0 | BA37: =IF(AI37=0,0,0.25*(AI37-1)*17.5) -> 0 | BC37: 4 | BD37: 3 | BG37: 432 | BH37: =IFERROR(VLOOKUP('採点表（R7.6月版）'!$A307,'採点表（R7.6月版）'!$A$9:$BA$273,2,FALSE),"") -> ⑥ 検証・改良により改善を図るプロセス（PDCA等）を確立している。 | CN37: =IFERROR(VLOOKUP('採点表（R7.6月版）'!$A307,'採点表（R7.6月版）'!$A$9:$BA$273,34,FALSE),"") -> 0 | DH37: 4 | DI37: 3 | DJ37: =IF(CN37=0,0,0.25*(CN37-1)*17.5) -> 0 | DL37: =IF(CQ37=0,0,0.25*(CQ37-1)*17.5) -> 0 | DN37: =IF(CT37=0,0,0.25*(CT37-1)*17.5) -> 0 | DY37: =IFERROR(VLOOKUP('採点表（R7.6月版）'!$A307,'採点表（R7.6月版）'!$A$9:$BA$273,34,FALSE),"") -> 0
B38: 441 | C38: =IFERROR(VLOOKUP('採点表（R7.6月版）'!$A308,'採点表（R7.6月版）'!$A$9:$BA$273,2,FALSE),"") -> ⑦ その他（改善プロセス関係） | AI38: =IFERROR(VLOOKUP('採点表（R7.6月版）'!$A308,'採点表（R7.6月版）'!$A$9:$BA$273,34,FALSE),"") -> 0 | AL38: =VLOOKUP('採点表（R7.6月版）'!$A308,'採点表（R7.6月版）'!$A$9:$BA$273,37,FALSE) -> 0 | BC38: 4 | BG38: 441 | BH38: =IFERROR(VLOOKUP('採点表（R7.6月版）'!$A308,'採点表（R7.6月版）'!$A$9:$BA$273,2,FALSE),"") -> ⑦ その他（改善プロセス関係） | CN38: =IFERROR(VLOOKUP('採点表（R7.6月版）'!$A308,'採点表（R7.6月版）'!$A$9:$BA$273,34,FALSE),"") -> 0 | DH38: 4 | DY38: =IFERROR(VLOOKUP('採点表（R7.6月版）'!$A308,'採点表（R7.6月版）'!$A$9:$BA$273,34,FALSE),"") -> 0
B39: 500 | C39: （５）人材育成 | AI39: 採点 | AL39: 自由記入欄 | BC39: 5 | BG39: 500 | BH39: （５）人材育成 | CN39: 採点 | CQ39: 採点 | CT39: 採点 | DH39: 5 | DY39: 採点
B40: 511 | C40: =IFERROR(VLOOKUP('採点表（R7.6月版）'!$A310,'採点表（R7.6月版）'!$A$9:$BA$273,2,FALSE),"") -> ① 先進地視察・研修受講等により、構成員のICTリテラシーの向上を図っている。 | AI40: =IFERROR(VLOOKUP('採点表（R7.6月版）'!$A310,'採点表（R7.6月版）'!$A$9:$BA$273,34,FALSE),"") -> 0 | AL40: =VLOOKUP('採点表（R7.6月版）'!$A310,'採点表（R7.6月版）'!$A$9:$BA$273,37,FALSE) -> 0 | BA40: =IF(AI40=0,0,0.25*(AI40-1)*33) -> 0 | BC40: 5 | BD40: 1 | BG40: 511 | BH40: =IFERROR(VLOOKUP('採点表（R7.6月版）'!$A310,'採点表（R7.6月版）'!$A$9:$BA$273,2,FALSE),"") -> ① 先進地視察・研修受講等により、構成員のICTリテラシーの向上を図っている。 | CN40: =IFERROR(VLOOKUP('採点表（R7.6月版）'!$A310,'採点表（R7.6月版）'!$A$9:$BA$273,34,FALSE),"") -> 0 | DH40: 5 | DI40: 1 | DJ40: =IF(CN40=0,0,0.25*(CN40-1)*33) -> 0 | DL40: =IF(CQ40=0,0,0.25*(CQ40-1)*33) -> 0 | DN40: =IF(CT40=0,0,0.25*(CT40-1)*33) -> 0 | DY40: =IFERROR(VLOOKUP('採点表（R7.6月版）'!$A310,'採点表（R7.6月版）'!$A$9:$BA$273,34,FALSE),"") -> 0
B41: 521 | C41: =IFERROR(VLOOKUP('採点表（R7.6月版）'!$A311,'採点表（R7.6月版）'!$A$9:$BA$273,2,FALSE),"") -> ② 組織内にコア技能者（ICT機器等の操作・解析方法、原理等を取得し、組織内普及を担える者）がいる。 | AI41: =IFERROR(VLOOKUP('採点表（R7.6月版）'!$A311,'採点表（R7.6月版）'!$A$9:$BA$273,34,FALSE),"") -> 0 | AL41: =VLOOKUP('採点表（R7.6月版）'!$A311,'採点表（R7.6月版）'!$A$9:$BA$273,37,FALSE) -> 0 | BA41: =IF(AI41=0,0,0.25*(AI41-1)*17.5) -> 0 | BC41: 5 | BD41: 2 | BG41: 521 | BH41: =IFERROR(VLOOKUP('採点表（R7.6月版）'!$A311,'採点表（R7.6月版）'!$A$9:$BA$273,2,FALSE),"") -> ② 組織内にコア技能者（ICT機器等の操作・解析方法、原理等を取得し、組織内普及を担える者）がいる。 | CN41: =IFERROR(VLOOKUP('採点表（R7.6月版）'!$A311,'採点表（R7.6月版）'!$A$9:$BA$273,34,FALSE),"") -> 0 | DH41: 5 | DI41: 2 | DJ41: =IF(CN41=0,0,0.25*(CN41-1)*17.5) -> 0 | DL41: =IF(CQ41=0,0,0.25*(CQ41-1)*17.5) -> 0 | DN41: =IF(CT41=0,0,0.25*(CT41-1)*17.5) -> 0 | DY41: =IFERROR(VLOOKUP('採点表（R7.6月版）'!$A311,'採点表（R7.6月版）'!$A$9:$BA$273,34,FALSE),"") -> 0
B42: 522 | C42: =IFERROR(VLOOKUP('採点表（R7.6月版）'!$A312,'採点表（R7.6月版）'!$A$9:$BA$273,2,FALSE),"") -> ③ 外部支援者がコア技能者に助言を行っている。 | AI42: =IFERROR(VLOOKUP('採点表（R7.6月版）'!$A312,'採点表（R7.6月版）'!$A$9:$BA$273,34,FALSE),"") -> 0 | AL42: =VLOOKUP('採点表（R7.6月版）'!$A312,'採点表（R7.6月版）'!$A$9:$BA$273,37,FALSE) -> 0 | BA42: =IF(AI42=0,0,0.25*(AI42-1)*17.5) -> 0 | BC42: 5 | BD42: 2 | BG42: 522 | BH42: =IFERROR(VLOOKUP('採点表（R7.6月版）'!$A312,'採点表（R7.6月版）'!$A$9:$BA$273,2,FALSE),"") -> ③ 外部支援者がコア技能者に助言を行っている。 | CN42: =IFERROR(VLOOKUP('採点表（R7.6月版）'!$A312,'採点表（R7.6月版）'!$A$9:$BA$273,34,FALSE),"") -> 0 | DH42: 5 | DI42: 2 | DJ42: =IF(CN42=0,0,0.25*(CN42-1)*17.5) -> 0 | DL42: =IF(CQ42=0,0,0.25*(CQ42-1)*17.5) -> 0 | DN42: =IF(CT42=0,0,0.25*(CT42-1)*17.5) -> 0 | DY42: =IFERROR(VLOOKUP('採点表（R7.6月版）'!$A312,'採点表（R7.6月版）'!$A$9:$BA$273,34,FALSE),"") -> 0
B43: 531 | C43: =IFERROR(VLOOKUP('採点表（R7.6月版）'!$A313,'採点表（R7.6月版）'!$A$9:$BA$273,2,FALSE),"") -> ④ ICTスキルの習得方法を確立している（マニュアル整備・コア技能者による現場技能者への指導普及等）。 | AI43: =IFERROR(VLOOKUP('採点表（R7.6月版）'!$A313,'採点表（R7.6月版）'!$A$9:$BA$273,34,FALSE),"") -> 0 | AL43: =VLOOKUP('採点表（R7.6月版）'!$A313,'採点表（R7.6月版）'!$A$9:$BA$273,37,FALSE) -> 0 | BA43: =IF(AI43=0,0,0.25*(AI43-1)*33) -> 0 | BC43: 5 | BD43: 3 | BG43: 531 | BH43: =IFERROR(VLOOKUP('採点表（R7.6月版）'!$A313,'採点表（R7.6月版）'!$A$9:$BA$273,2,FALSE),"") -> ④ ICTスキルの習得方法を確立している（マニュアル整備・コア技能者による現場技能者への指導普及等）。 | CN43: =IFERROR(VLOOKUP('採点表（R7.6月版）'!$A313,'採点表（R7.6月版）'!$A$9:$BA$273,34,FALSE),"") -> 0 | DH43: 5 | DI43: 3 | DJ43: =IF(CN43=0,0,0.25*(CN43-1)*33) -> 0 | DL43: =IF(CQ43=0,0,0.25*(CQ43-1)*33) -> 0 | DN43: =IF(CT43=0,0,0.25*(CT43-1)*33) -> 0 | DY43: =IFERROR(VLOOKUP('採点表（R7.6月版）'!$A313,'採点表（R7.6月版）'!$A$9:$BA$273,34,FALSE),"") -> 0
B44: 541 | C44: =IFERROR(VLOOKUP('採点表（R7.6月版）'!$A314,'採点表（R7.6月版）'!$A$9:$BA$273,2,FALSE),"") -> ⑤ その他（人材育成関係） | AI44: =IFERROR(VLOOKUP('採点表（R7.6月版）'!$A314,'採点表（R7.6月版）'!$A$9:$BA$273,34,FALSE),"") -> 0 | AL44: =VLOOKUP('採点表（R7.6月版）'!$A314,'採点表（R7.6月版）'!$A$9:$BA$273,37,FALSE) -> 0 | BC44: 5 | BG44: 541 | BH44: =IFERROR(VLOOKUP('採点表（R7.6月版）'!$A314,'採点表（R7.6月版）'!$A$9:$BA$273,2,FALSE),"") -> ⑤ その他（人材育成関係） | CN44: =IFERROR(VLOOKUP('採点表（R7.6月版）'!$A314,'採点表（R7.6月版）'!$A$9:$BA$273,34,FALSE),"") -> 0 | DH44: 5 | DY44: =IFERROR(VLOOKUP('採点表（R7.6月版）'!$A314,'採点表（R7.6月版）'!$A$9:$BA$273,34,FALSE),"") -> 0
B45: 600 | C45: （６）ＩＣＴ活用・ＩＣＴリテラシー | AI45: 採点 | AL45: 自由記入欄 | BC45: 6 | BG45: 600 | BH45: （６）ＩＣＴ活用・ＩＣＴリテラシー | CN45: 採点 | CQ45: 採点 | CT45: 採点 | DH45: 6 | DY45: 採点
B46: 611 | C46: =IFERROR(VLOOKUP('採点表（R7.6月版）'!$A316,'採点表（R7.6月版）'!$A$9:$BA$273,2,FALSE),"") -> ① 林業のデジタル化について具体例を知っており、メリット等を理解している。 | AI46: =IFERROR(VLOOKUP('採点表（R7.6月版）'!$A316,'採点表（R7.6月版）'!$A$9:$BA$273,34,FALSE),"") -> 0 | AL46: =VLOOKUP('採点表（R7.6月版）'!$A316,'採点表（R7.6月版）'!$A$9:$BA$273,37,FALSE) -> 0 | BA46: =IF(AI46=0,0,0.25*(AI46-1)*11) -> 0 | BC46: 6 | BD46: 1 | BG46: 611 | BH46: =IFERROR(VLOOKUP('採点表（R7.6月版）'!$A316,'採点表（R7.6月版）'!$A$9:$BA$273,2,FALSE),"") -> ① 林業のデジタル化について具体例を知っており、メリット等を理解している。 | CN46: =IFERROR(VLOOKUP('採点表（R7.6月版）'!$A316,'採点表（R7.6月版）'!$A$9:$BA$273,34,FALSE),"") -> 0 | DH46: 6 | DI46: 1 | DJ46: =IF(CN46=0,0,0.25*(CN46-1)*11) -> 0 | DL46: =IF(CQ46=0,0,0.25*(CQ46-1)*11) -> 0 | DN46: =IF(CT46=0,0,0.25*(CT46-1)*11) -> 0 | DY46: =IFERROR(VLOOKUP('採点表（R7.6月版）'!$A316,'採点表（R7.6月版）'!$A$9:$BA$273,34,FALSE),"") -> 0
B47: 612 | C47: =IFERROR(VLOOKUP('採点表（R7.6月版）'!$A317,'採点表（R7.6月版）'!$A$9:$BA$273,2,FALSE),"") -> ② ICT機器・ソフト等の操作ができる。 | AI47: =IFERROR(VLOOKUP('採点表（R7.6月版）'!$A317,'採点表（R7.6月版）'!$A$9:$BA$273,34,FALSE),"") -> 0 | AL47: =VLOOKUP('採点表（R7.6月版）'!$A317,'採点表（R7.6月版）'!$A$9:$BA$273,37,FALSE) -> 0 | BA47: =IF(AI47=0,0,0.25*(AI47-1)*11) -> 0 | BC47: 6 | BD47: 1 | BG47: 612 | BH47: =IFERROR(VLOOKUP('採点表（R7.6月版）'!$A317,'採点表（R7.6月版）'!$A$9:$BA$273,2,FALSE),"") -> ② ICT機器・ソフト等の操作ができる。 | CN47: =IFERROR(VLOOKUP('採点表（R7.6月版）'!$A317,'採点表（R7.6月版）'!$A$9:$BA$273,34,FALSE),"") -> 0 | DH47: 6 | DI47: 1 | DJ47: =IF(CN47=0,0,0.25*(CN47-1)*11) -> 0 | DL47: =IF(CQ47=0,0,0.25*(CQ47-1)*11) -> 0 | DN47: =IF(CT47=0,0,0.25*(CT47-1)*11) -> 0 | DY47: =IFERROR(VLOOKUP('採点表（R7.6月版）'!$A317,'採点表（R7.6月版）'!$A$9:$BA$273,34,FALSE),"") -> 0
B48: 613 | C48: =IFERROR(VLOOKUP('採点表（R7.6月版）'!$A318,'採点表（R7.6月版）'!$A$9:$BA$273,2,FALSE),"") -> ③ 記憶・経験に頼る業務のデジタル化や、紙・FAX・電話・口頭連絡による業務のデジタル化を始めている。 | AI48: =IFERROR(VLOOKUP('採点表（R7.6月版）'!$A318,'採点表（R7.6月版）'!$A$9:$BA$273,34,FALSE),"") -> 0 | AL48: =VLOOKUP('採点表（R7.6月版）'!$A318,'採点表（R7.6月版）'!$A$9:$BA$273,37,FALSE) -> 0 | BA48: =IF(AI48=0,0,0.25*(AI48-1)*11) -> 0 | BC48: 6 | BD48: 1 | BG48: 613 | BH48: =IFERROR(VLOOKUP('採点表（R7.6月版）'!$A318,'採点表（R7.6月版）'!$A$9:$BA$273,2,FALSE),"") -> ③ 記憶・経験に頼る業務のデジタル化や、紙・FAX・電話・口頭連絡による業務のデジタル化を始めている。 | CN48: =IFERROR(VLOOKUP('採点表（R7.6月版）'!$A318,'採点表（R7.6月版）'!$A$9:$BA$273,34,FALSE),"") -> 0 | DH48: 6 | DI48: 1 | DJ48: =IF(CN48=0,0,0.25*(CN48-1)*11) -> 0 | DL48: =IF(CQ48=0,0,0.25*(CQ48-1)*11) -> 0 | DN48: =IF(CT48=0,0,0.25*(CT48-1)*11) -> 0 | DY48: =IFERROR(VLOOKUP('採点表（R7.6月版）'!$A318,'採点表（R7.6月版）'!$A$9:$BA$273,34,FALSE),"") -> 0
B49: 621 | C49: =IFERROR(VLOOKUP('採点表（R7.6月版）'!$A319,'採点表（R7.6月版）'!$A$9:$BA$273,2,FALSE),"") -> ④ ICT機器等の取得データを分析・考察して、見える化し、業務効率化や生産性向上の立案につなげている。 | AI49: =IFERROR(VLOOKUP('採点表（R7.6月版）'!$A319,'採点表（R7.6月版）'!$A$9:$BA$273,34,FALSE),"") -> 0 | AL49: =VLOOKUP('採点表（R7.6月版）'!$A319,'採点表（R7.6月版）'!$A$9:$BA$273,37,FALSE) -> 0 | BA49: =IF(AI49=0,0,0.25*(AI49-1)*17.5) -> 0 | BC49: 6 | BD49: 2 | BG49: 621 | BH49: =IFERROR(VLOOKUP('採点表（R7.6月版）'!$A319,'採点表（R7.6月版）'!$A$9:$BA$273,2,FALSE),"") -> ④ ICT機器等の取得データを分析・考察して、見える化し、業務効率化や生産性向上の立案につなげている。 | CN49: =IFERROR(VLOOKUP('採点表（R7.6月版）'!$A319,'採点表（R7.6月版）'!$A$9:$BA$273,34,FALSE),"") -> 0 | DH49: 6 | DI49: 2 | DJ49: =IF(CN49=0,0,0.25*(CN49-1)*17.5) -> 0 | DL49: =IF(CQ49=0,0,0.25*(CQ49-1)*17.5) -> 0 | DN49: =IF(CT49=0,0,0.25*(CT49-1)*17.5) -> 0 | DY49: =IFERROR(VLOOKUP('採点表（R7.6月版）'!$A319,'採点表（R7.6月版）'!$A$9:$BA$273,34,FALSE),"") -> 0
B50: 622 | C50: =IFERROR(VLOOKUP('採点表（R7.6月版）'!$A320,'採点表（R7.6月版）'!$A$9:$BA$273,2,FALSE),"") -> ⑤ デジタル化により業務効率化を行っている。 | AI50: =IFERROR(VLOOKUP('採点表（R7.6月版）'!$A320,'採点表（R7.6月版）'!$A$9:$BA$273,34,FALSE),"") -> 0 | AL50: =VLOOKUP('採点表（R7.6月版）'!$A320,'採点表（R7.6月版）'!$A$9:$BA$273,37,FALSE) -> 0 | BA50: =IF(AI50=0,0,0.25*(AI50-1)*17.5) -> 0 | BC50: 6 | BD50: 2 | BG50: 622 | BH50: =IFERROR(VLOOKUP('採点表（R7.6月版）'!$A320,'採点表（R7.6月版）'!$A$9:$BA$273,2,FALSE),"") -> ⑤ デジタル化により業務効率化を行っている。 | CN50: =IFERROR(VLOOKUP('採点表（R7.6月版）'!$A320,'採点表（R7.6月版）'!$A$9:$BA$273,34,FALSE),"") -> 0 | DH50: 6 | DI50: 2 | DJ50: =IF(CN50=0,0,0.25*(CN50-1)*17.5) -> 0 | DL50: =IF(CQ50=0,0,0.25*(CQ50-1)*17.5) -> 0 | DN50: =IF(CT50=0,0,0.25*(CT50-1)*17.5) -> 0 | DY50: =IFERROR(VLOOKUP('採点表（R7.6月版）'!$A320,'採点表（R7.6月版）'!$A$9:$BA$273,34,FALSE),"") -> 0
B51: 631 | C51: =IFERROR(VLOOKUP('採点表（R7.6月版）'!$A321,'採点表（R7.6月版）'!$A$9:$BA$273,2,FALSE),"") -> ⑥ ICT機器等から取得・分析したデータを元に、新たな価値を創出している（売上・利益・生産性向上、新規事業創出等、事業・経営の意思決定に資する活用がされている）。 | AI51: =IFERROR(VLOOKUP('採点表（R7.6月版）'!$A321,'採点表（R7.6月版）'!$A$9:$BA$273,34,FALSE),"") -> 0 | AL51: =VLOOKUP('採点表（R7.6月版）'!$A321,'採点表（R7.6月版）'!$A$9:$BA$273,37,FALSE) -> 0 | BA51: =IF(AI51=0,0,0.25*(AI51-1)*17.5) -> 0 | BC51: 6 | BD51: 3 | BG51: 631 | BH51: =IFERROR(VLOOKUP('採点表（R7.6月版）'!$A321,'採点表（R7.6月版）'!$A$9:$BA$273,2,FALSE),"") -> ⑥ ICT機器等から取得・分析したデータを元に、新たな価値を創出している（売上・利益・生産性向上、新規事業創出等、事業・経営の意思決定に資する活用がされている）。 | CN51: =IFERROR(VLOOKUP('採点表（R7.6月版）'!$A321,'採点表（R7.6月版）'!$A$9:$BA$273,34,FALSE),"") -> 0 | DH51: 6 | DI51: 3 | DJ51: =IF(CN51=0,0,0.25*(CN51-1)*17.5) -> 0 | DL51: =IF(CQ51=0,0,0.25*(CQ51-1)*17.5) -> 0 | DN51: =IF(CT51=0,0,0.25*(CT51-1)*17.5) -> 0 | DY51: =IFERROR(VLOOKUP('採点表（R7.6月版）'!$A321,'採点表（R7.6月版）'!$A$9:$BA$273,34,FALSE),"") -> 0
B52: 632 | C52: =IFERROR(VLOOKUP('採点表（R7.6月版）'!$A322,'採点表（R7.6月版）'!$A$9:$BA$273,2,FALSE),"") -> ⑦ デジタル技術を競争力強化（マーケティング、販路拡大、新商品開発、ビジネスモデル構築等）に積極的に活用している。 | AI52: =IFERROR(VLOOKUP('採点表（R7.6月版）'!$A322,'採点表（R7.6月版）'!$A$9:$BA$273,34,FALSE),"") -> 0 | AL52: =VLOOKUP('採点表（R7.6月版）'!$A322,'採点表（R7.6月版）'!$A$9:$BA$273,37,FALSE) -> 0 | BA52: =IF(AI52=0,0,0.25*(AI52-1)*17.5) -> 0 | BC52: 6 | BD52: 3 | BG52: 632 | BH52: =IFERROR(VLOOKUP('採点表（R7.6月版）'!$A322,'採点表（R7.6月版）'!$A$9:$BA$273,2,FALSE),"") -> ⑦ デジタル技術を競争力強化（マーケティング、販路拡大、新商品開発、ビジネスモデル構築等）に積極的に活用している。 | CN52: =IFERROR(VLOOKUP('採点表（R7.6月版）'!$A322,'採点表（R7.6月版）'!$A$9:$BA$273,34,FALSE),"") -> 0 | DH52: 6 | DI52: 3 | DJ52: =IF(CN52=0,0,0.25*(CN52-1)*17.5) -> 0 | DL52: =IF(CQ52=0,0,0.25*(CQ52-1)*17.5) -> 0 | DN52: =IF(CT52=0,0,0.25*(CT52-1)*17.5) -> 0 | DY52: =IFERROR(VLOOKUP('採点表（R7.6月版）'!$A322,'採点表（R7.6月版）'!$A$9:$BA$273,34,FALSE),"") -> 0
B53: 641 | C53: =IFERROR(VLOOKUP('採点表（R7.6月版）'!$A323,'採点表（R7.6月版）'!$A$9:$BA$273,2,FALSE),"") -> ⑧ その他（ICT活用・ICTリテラシー関係） | AI53: =IFERROR(VLOOKUP('採点表（R7.6月版）'!$A323,'採点表（R7.6月版）'!$A$9:$BA$273,34,FALSE),"") -> 0 | AL53: =VLOOKUP('採点表（R7.6月版）'!$A323,'採点表（R7.6月版）'!$A$9:$BA$273,37,FALSE) -> 0 | BC53: 6 | BG53: 641 | BH53: =IFERROR(VLOOKUP('採点表（R7.6月版）'!$A323,'採点表（R7.6月版）'!$A$9:$BA$273,2,FALSE),"") -> ⑧ その他（ICT活用・ICTリテラシー関係） | CN53: 0 | DH53: 6
B54: 700 | C54: （７）その他 | AI54: 採点 | AL54: 自由記入欄 | BC54: 7 | BG54: 700 | BH54: （７）その他 | CN54: 採点 | CQ54: 採点 | CT54: 採点 | DH54: 7
B55: 741 | C55: =IFERROR(VLOOKUP('採点表（R7.6月版）'!$A325,'採点表（R7.6月版）'!$A$9:$BA$273,2,FALSE),"") -> ① その他 | AI55: =IFERROR(VLOOKUP('採点表（R7.6月版）'!$A325,'採点表（R7.6月版）'!$A$9:$BA$273,34,FALSE),"") -> 0 | AL55: =VLOOKUP('採点表（R7.6月版）'!$A325,'採点表（R7.6月版）'!$A$9:$BA$273,37,FALSE) -> 0 | BC55: 7 | BG55: 741 | BH55: =IFERROR(VLOOKUP('採点表（R7.6月版）'!$A325,'採点表（R7.6月版）'!$A$9:$BA$273,2,FALSE),"") -> ① その他 | CN55: =IFERROR(VLOOKUP('採点表（R7.6月版）'!$A325,'採点表（R7.6月版）'!$A$9:$BA$273,34,FALSE),"") -> 0 | CQ55: 0 | CT55: 0 | DH55: 7
C58: スマート林業・DX実践のための進捗度チェックリスト 【グラフ化】 | BH58: スマート林業・DX実践のための進捗度チェックリスト 【比較グラフ化】
C60: コンソ名称 | J60: ='採点表（R7.6月版）'!$I$3 -> コンソA | BH60: コンソ名称 | BO60: ='採点表（R7.6月版）'!$I$3 -> コンソA | CN60: 比較１ | CR60: =IF(CR3>0,CR3,"")
C61: 評価者 氏名 | J61: ='採点表（R7.6月版）'!$I$4 -> 山林太郎 | BH61: 評価者 氏名 | BO61: ='採点表（R7.6月版）'!$I$4 -> 山林太郎 | CN61: 比較２ | CR61: =IF(CR4>0,CR4,"")
C62: 評価日 | J62: ='採点表（R7.6月版）'!$I$5 -> 45775 | BH62: 評価日 | BO62: ='採点表（R7.6月版）'!$I$5 -> 45775 | CN62: 比較３ | CR62: =IF(CR5>0,CR5,"")
C64: ・レーダーチャートの面積が大きいほど、進捗していることを示しています。 | BH64: ・レーダーチャートの面積が大きいほど、進捗していることを示しています。
C65: ・円満な六角形に近いほどバランスよく進んでいます。進みが低い評価項目があれば、今後の課題として力を入れていきましょう。 | BH65: ・円満な六角形に近いほどバランスよく進んでいます。進みが低い評価項目があれば、今後の課題として力を入れていきましょう。
C66: ・フェーズ3は難易度が高いため、初期にはフェーズ1が進み（面積大）、フェーズ3の進捗は低く（面積小）なります。 | BH66: ・フェーズ3は難易度が高いため、初期にはフェーズ1が進み（面積大）、フェーズ3の進捗は低く（面積小）なります。
H125: 組 | J125: 資 | L125: 活 | N125: 改 | P125: 人 | R125: I | V125: レーダーチャート | BM125: 組 | BO125: 資 | BQ125: 活 | BS125: 改 | BU125: 人 | BW125: I | CU125: レーダーチャート
C126: フェーズ | H126: 1 | J126: 2 | L126: 3 | N126: 4 | P126: 5 | R126: 6 | W126: 組織体制 | X126: 資金調達 | Y126: 活動内容 | Z126: 改善ﾌﾟﾛｾｽ | AA126: 人材育成 | AB126: ICT活用/ﾘﾃﾗｼｰ | BH126: フェーズ | BM126: 1 | BO126: 2 | BQ126: 3 | BS126: 4 | BU126: 5 | BW126: 6 | CV126: 組織体制 | CW126: 資金調達 | CX126: 活動内容 | CY126: 改善ﾌﾟﾛｾｽ | CZ126: 人材育成 | DA126: ICT活用/ﾘﾃﾗｼｰ
C127: 1 | H127: =SUM(BA8:BB9) -> 0 | J127: =SUM(BA17) -> 0 | L127: =SUM(BA23:BB25) -> 0 | N127: =SUM(BA32:BB33) -> 0 | P127: =SUM(BA40) -> 0 | R127: =SUM(BA46:BB48) -> 0 | V127: フェーズ1 | W127: =H127 -> 0 | X127: =J127 -> 0 | Y127: =L127 -> 0 | Z127: =N127 -> 0 | AA127: =P127 -> 0 | AB127: =R127 -> 0 | BH127: 1:比較1 | BM127: =SUM(DJ$8:DK$9) -> 0 | BO127: =SUM(DJ$17) -> 0 | BQ127: =SUM(DJ$23:DK$25) -> 0 | BS127: =SUM(DJ$32:DK$33) -> 0 | BU127: =SUM(DJ$40) -> 0 | BW127: =SUM(DJ$46:DK$48) -> 0 | CQ127: フェーズ1 | CU127: =IF($CR$3>0,$CR$3,"") | CV127: =BM127 -> 0 | CW127: =BO127 -> 0 | CX127: =BQ127 -> 0 | CY127: =BS127 -> 0 | CZ127: =BU127 -> 0 | DA127: =BW127 -> 0
C128: 2 | H128: =SUM(BA10:BB11) -> 0 | J128: =SUM(BA18:BB19) -> 0 | L128: =SUM(BA26:BB28) -> 0 | N128: =SUM(BA34:BB35) -> 0 | P128: =SUM(BA41:BB42) -> 0 | R128: =SUM(BA49:BB50) -> 0 | V128: フェーズ2 | W128: =H128 -> 0 | X128: =J128 -> 0 | Y128: =L128 -> 0 | Z128: =N128 -> 0 | AA128: =P128 -> 0 | AB128: =R128 -> 0 | BH128: 1:比較2 | BM128: =SUM(DL$8:DM$9) -> 0 | BO128: =SUM(DL$17) -> 0 | BQ128: =SUM(DL$23:DM$25) -> 0 | BS128: =SUM(DL$32:DM$33) -> 0 | BU128: =SUM(DL$40) -> 0 | BW128: =SUM(DL$46:DM$48) -> 0 | CU128: =IF($CR$4>0,$CR$4,"") | CV128: =BM128 -> 0 | CW128: =BO128 -> 0 | CX128: =BQ128 -> 0 | CY128: =BS128 -> 0 | CZ128: =BU128 -> 0 | DA128: =BW128 -> 0
C129: 3 | H129: =SUM(BA12:BB14) -> 0 | J129: =SUM(BA20) -> 0 | L129: =SUM(BA29:BB29) -> 0 | N129: =SUM(BA36:BB37) -> 0 | P129: =SUM(BA43) -> 0 | R129: =SUM(BA51:BB52) -> 0 | V129: フェーズ3 | W129: =H129 -> 0 | X129: =J129 -> 0 | Y129: =L129 -> 0 | Z129: =N129 -> 0 | AA129: =P129 -> 0 | AB129: =R129 -> 0 | BH129: 1:比較3 | BM129: =SUM(DN$8:DO$9) -> 0 | BO129: =SUM(DN$17) -> 0 | BQ129: =SUM(DN$23:DO$25) -> 0 | BS129: =SUM(DN$32:DO$33) -> 0 | BU129: =SUM(DN$40) -> 0 | BW129: =SUM(DN$46:DO$48) -> 0 | CU129: =IF($CR$5>0,$CR$5,"") | CV129: =BM129 -> 0 | CW129: =BO129 -> 0 | CX129: =BQ129 -> 0 | CY129: =BS129 -> 0 | CZ129: =BU129 -> 0 | DA129: =BW129 -> 0
C130: 計 | H130: =SUM(BA8:BB14) -> 0 | J130: =SUM(BA17:BA20) -> 0 | L130: =SUM(BA23:BB29) -> 0 | N130: =SUM(BA32:BB37) -> 0 | P130: =SUM(BA40:BB43) -> 0 | R130: =SUM(BA46:BB53) -> 0 | V130: フェーズ計 | W130: =H130 -> 0 | X130: =J130 -> 0 | Y130: =L130 -> 0 | Z130: =N130 -> 0 | AA130: =P130 -> 0 | AB130: =R130 -> 0 | BH130: 2:比較1 | BM130: =SUM(DJ$10:DK$11) -> 0 | BO130: =SUM(DJ$18:DK$19) -> 0 | BQ130: =SUM(DJ$26:DK$28) -> 0 | BS130: =SUM(DJ$34:DK$35) -> 0 | BU130: =SUM(DJ$41:DK$42) -> 0 | BW130: =SUM(DJ$49:DK$50) -> 0 | CQ130: フェーズ2 | CU130: =IF($CR$3>0,$CR$3,"") | CV130: =BM130 -> 0 | CW130: =BO130 -> 0 | CX130: =BQ130 -> 0 | CY130: =BS130 -> 0 | CZ130: =BU130 -> 0 | DA130: =BW130 -> 0
BH131: 2:比較2 | BM131: =SUM(DL$10:DM$11) -> 0 | BO131: =SUM(DL$18:DM$19) -> 0 | BQ131: =SUM(DL$26:DM$28) -> 0 | BS131: =SUM(DL$34:DM$35) -> 0 | BU131: =SUM(DL$41:DM$42) -> 0 | BW131: =SUM(DL$49:DM$50) -> 0 | CU131: =IF($CR$4>0,$CR$4,"") | CV131: =BM131 -> 0 | CW131: =BO131 -> 0 | CX131: =BQ131 -> 0 | CY131: =BS131 -> 0 | CZ131: =BU131 -> 0 | DA131: =BW131 -> 0
BH132: 2:比較3 | BM132: =SUM(DN$10:DO$11) -> 0 | BO132: =SUM(DN$18:DO$19) -> 0 | BQ132: =SUM(DN$26:DO$28) -> 0 | BS132: =SUM(DN$34:DO$35) -> 0 | BU132: =SUM(DN$41:DO$42) -> 0 | BW132: =SUM(DN$49:DO$50) -> 0 | CU132: =IF($CR$5>0,$CR$5,"") | CV132: =BM132 -> 0 | CW132: =BO132 -> 0 | CX132: =BQ132 -> 0 | CY132: =BS132 -> 0 | CZ132: =BU132 -> 0 | DA132: =BW132 -> 0
BH133: 3:比較1 | BM133: =SUM(DJ$12:DK$14) -> 0 | BO133: =SUM(DJ$20) -> 0 | BQ133: =SUM(DJ$29:DK$29) -> 0 | BS133: =SUM(DJ$36:DK$37) -> 0 | BU133: =SUM(DJ$43) -> 0 | BW133: =SUM(DJ$51:DK$52) -> 0 | CQ133: フェーズ3 | CU133: =IF($CR$3>0,$CR$3,"") | CV133: =BM133 -> 0 | CW133: =BO133 -> 0 | CX133: =BQ133 -> 0 | CY133: =BS133 -> 0 | CZ133: =BU133 -> 0 | DA133: =BW133 -> 0
BH134: 3:比較2 | BM134: =SUM(DL$12:DM$14) -> 0 | BO134: =SUM(DL$20) -> 0 | BQ134: =SUM(DL$29:DM$29) -> 0 | BS134: =SUM(DL$36:DM$37) -> 0 | BU134: =SUM(DL$43) -> 0 | BW134: =SUM(DL$51:DM$52) -> 0 | CU134: =IF($CR$4>0,$CR$4,"") | CV134: =BM134 -> 0 | CW134: =BO134 -> 0 | CX134: =BQ134 -> 0 | CY134: =BS134 -> 0 | CZ134: =BU134 -> 0 | DA134: =BW134 -> 0
BH135: 3:比較3 | BM135: =SUM(DN$12:DO$14) -> 0 | BO135: =SUM(DN$20) -> 0 | BQ135: =SUM(DN$29:DO$29) -> 0 | BS135: =SUM(DN$36:DO$37) -> 0 | BU135: =SUM(DN$43) -> 0 | BW135: =SUM(DN$51:DO$52) -> 0 | CU135: =IF($CR$5>0,$CR$5,"") | CV135: =BM135 -> 0 | CW135: =BO135 -> 0 | CX135: =BQ135 -> 0 | CY135: =BS135 -> 0 | CZ135: =BU135 -> 0 | DA135: =BW135 -> 0
BH136: 計:比較1 | BM136: =SUM(DJ$8:DK$14) -> 0 | BO136: =SUM(DJ$17:DK$20) -> 0 | BQ136: =SUM(DJ$23:DK$29) -> 0 | BS136: =SUM(DJ$32:DK$37) -> 0 | BU136: =SUM(DJ$40:DK$43) -> 0 | BW136: =SUM(DJ$46:DK$53) -> 0 | CQ136: フェーズ計 | CU136: =IF($CR$3>0,$CR$3,"") | CV136: =BM136 -> 0 | CW136: =BO136 -> 0 | CX136: =BQ136 -> 0 | CY136: =BS136 -> 0 | CZ136: =BU136 -> 0 | DA136: =BW136 -> 0
BH137: 計:比較2 | BM137: =SUM(DL$8:DM$14) -> 0 | BO137: =SUM(DL$17:DM$20) -> 0 | BQ137: =SUM(DL$23:DM$29) -> 0 | BS137: =SUM(DL$32:DM$37) -> 0 | BU137: =SUM(DL$40:DM$43) -> 0 | BW137: =SUM(DL$46:DM$53) -> 0 | CU137: =IF($CR$4>0,$CR$4,"") | CV137: =BM137 -> 0 | CW137: =BO137 -> 0 | CX137: =BQ137 -> 0 | CY137: =BS137 -> 0 | CZ137: =BU137 -> 0 | DA137: =BW137 -> 0
BH138: 計:比較3 | BM138: =SUM(DN$8:DO$14) -> 0 | BO138: =SUM(DN$17:DO$20) -> 0 | BQ138: =SUM(DN$23:DO$29) -> 0 | BS138: =SUM(DN$32:DO$37) -> 0 | BU138: =SUM(DN$40:DO$43) -> 0 | BW138: =SUM(DN$46:DO$53) -> 0 | CU138: =IF($CR$5>0,$CR$5,"") | CV138: =BM138 -> 0 | CW138: =BO138 -> 0 | CX138: =BQ138 -> 0 | CY138: =BS138 -> 0 | CZ138: =BU138 -> 0 | DA138: =BW138 -> 0
